Unix NetHack Version 5.0.0-0 post-release - last build May  4 2026 22:22:43 (774f63e81ad911689b3a0859ea89b322d5daca8d,branch:main).

Game began 2026-05-08 10:41:04, ended 2026-05-08 11:22:31.

2461479678, lawful female human Valkyrie

         -------------          -----
         |...........-#         |....##
         |...........|#         |...| #######
         |...........|#        #...<|       ##      --------------
         |...........|#        #|....#       #      |.........>..|
         |...........|#        #-----#       #######...{.........|
         |...........|#        ####  #            : |............|
         -------.-----#          #   #            @ --------------
                #######`##############            e
                      #          #  `###########################
                      #          #  #-.----  #####             #
                      #          #  #..>..|                    `
                      #----------#  #|....|
                      #|........-#  #|.{..|
                      #|........|   #|....|
                      #.......... ###------
                       ----------

2461479678 the Skirmisher   St:18/04 Dx:10 Co:15 In:8 Wi:11 Ch:9  Lawful
Dlvl:4  $:71 HP:0(27) Pw:9(9) AC:6  Xp:3 T:1455 

Latest messages:
 You resume your meal.
 You finish eating the food ration.
 With great effort you move the boulder.
 The door opens.
 The homunculus bites!
 You miss the homunculus.
 The homunculus bites!
 You kill the homunculus!
 You see here a single-edged polearm.
 l - a single-edged polearm.
 With great effort you move the boulder.
 You hear water falling on coins.
 The door opens.
 You kill the gecko!
 You see here a gecko corpse.
 There is a gecko corpse here; eat it? [ynq] (n) y
 This gecko corpse is stringy.
 You finish eating the gecko corpse.
 You hear a slow drip.
 The giant bat bites!
 The giant bat bites!
 You hit the giant bat!
 The giant bat bites!
 You miss the giant bat.
 The giant bat bites!
 You miss the giant bat.
 The giant bat bites!
 The giant bat bites!
 You kill the giant bat!
 You miss the floating eye.
 You are frozen by the floating eye's gaze!
 The gecko bites!
 The gecko bites!
 The gecko bites!
 The gecko bites!
 The gecko bites!
 The gecko bites!
 The gecko bites!
 The gecko bites!
 The gecko bites!
 The gecko bites!
 The gecko bites!
 The gecko bites!
 The gecko bites!
 You die...
 Do you want your possessions identified? [ynq] (y) y
 Do you want to see your attributes? [ynq] (y) n
 Do you want an account of creatures vanquished? [ynaq] (y) n
 Do you want to see your conduct and achievements? [ynq] (y) n
 Do you want to see the dungeon overview? [ynq] (y) n

Inventory:
 Coins    ('$')
  $ - 71 gold pieces
 Weapons  (')')
  g - 8 +1 darts
  b - a +0 dagger (alternate weapon; not wielded)
  a - a +1 spear (weapon in right hand)
  l - a cursed -1 glaive
 Armor    ('[')
  c - an uncursed +3 small shield (being worn)
 Comestibles  ('%')
  d - an uncursed food ration
  k - an uncursed lembas wafer
 Potions  ('!')
  h - an uncursed potion of booze
 Tools    ('(')
  e - an uncursed leash
  i - a cursed magic marker (0:66)

2461479678 the Valkyrie's attributes:

Background:
 You were a Skirmisher, a level 3 human Valkyrie.
 You were lawful, nominally on a mission for Tyr
 who was opposed by Odin (neutral) and Loki (chaotic).
 You were right-handed.
 You were in the Dungeons of Doom, on level 4.
 You entered the dungeon 1455 turns ago.
 You had 63 experience points, 17 more were needed to attain level 4.

Basics:
 You had 0 out of 27 hit points.
 You had all 9 energy points (spell power).
 Your armor class was 6.
 Your wallet contained 71 zorkmids.
 Autopickup was off.

Final Characteristics:
 Your strength was 18/04 (limit:18/100).
 Your dexterity was 10 (limit:18).
 Your constitution was 15 (limit:18).
 Your intelligence was 8 (limit:18).
 Your wisdom was 11 (limit:18).
 Your charisma was 9 (limit:18).

Final Status:
 You weren't hungry.
 You were unencumbered.
 You were wielding a spear.
 You had basic skill with spear.

Final Attributes:
 You were devoutly aligned.
 You were cold resistant.
 You were stealthy.
 You are dead.

Miscellaneous:
 You didn't encounter any bones levels.
 Total elapsed playing time was 41 minutes and 16 seconds.

Major events:
 Turn
    1: 2461479678 the lawful human Valkyrie entered the dungeon
 1134: attained the rank of Skirmisher (level 3)
 1455: killed by a gecko, while frozen by a floating eye's gaze

You didn't know any spells.

Skills:
 Fighting Skills
   bare handed combat [Unskilled]
   two weapon combat  [Unskilled]
   riding             [Unskilled]
 Weapon Skills
   dagger             [Basic]
   axe                [Unskilled]
   pick-axe           [Unskilled]
   short sword        [Unskilled]
   broadsword         [Unskilled]
   long sword         [Unskilled]
   two-handed sword   [Unskilled]
   saber              [Unskilled]
   hammer             [Unskilled]
   quarterstaff       [Unskilled]
   polearms           [Unskilled]
   spear              [Basic]
   trident            [Unskilled]
   lance              [Unskilled]
   sling              [Unskilled]
 Spellcasting Skills
   attack spells      [Unskilled]
   escape spells      [Unskilled]

Voluntary challenges:
 Character rerolling was not enabled.
 You were an atheist.
 You were illiterate.
 You never genocided any monsters.
 You never polymorphed an object.
 You never changed form.
 You used no wishes.
Achievements:
 You entered a shop.
 You attained the rank of Skirmisher.

 The Dungeons of Doom: levels 1 to 4
    Level 1:
       An altar to Tyr.
    Level 2:
       A food shop.
    Level 3:
    Level 4: <- You were here.
       A fountain, a sink.
       Final resting place for
          you, killed by a gecko, while frozen by a floating eye's gaze.


Vanquished creatures:
  a homunculus
  a giant bat
 an iguana
  a green mold
  3 geckos
  a kobold
  3 goblins
  a sewer rat
  a grid bug
  a lichen
  a kobold zombie
  4 newts
19 creatures vanquished.

No species were genocided or became extinct.

Game over:
                       ----------
                      /          \
                     /    REST    \
                    /      IN      \
                   /     PEACE      \
                  /                  \
                  |    2461479678    |
                  |      71 Au       |
                  |   killed by a    |
                  |      gecko       |
                  |                  |
                  |                  |
                  |       2026       |
                 *|     *  *  *      | *
        _________)/\\_//(\/(/\)/\//\/|_)_______

Farvel 2461479678 the Valkyrie...

You died in The Dungeons of Doom on dungeon level 4 with 466 points,
and 71 pieces of gold, after 1455 moves.
You were level 3 with a maximum of 27 hit points when you died.

